AoeStats
← tonytctang

Oasis

508183481Analyzed
4v4 RM · 11d ago on Sep 21, 2026· 40m 8s· 8 players
Game mode
Random Map
Map size
Large (8 player)
Population
200
Speed
Normal
Resources
Standard
Victory
Conquest
Starting age
Dark Age
Ending age
Imperial Age
RankedLock teamsTeams togetherTeam positionsShared explorationLock speedFull tech treeHidden civsTurbo modeCheats
Victory
Defeat
🇭🇰 Magyars · Hong Kong SAR China
1178
+16
🇳🇱 Aztecs · Netherlands
1143
+17
🇨🇳 Poles · China
1137
+18
🇺🇸 Saracens · United States
1069
+20
🇻🇳 Persians · Vietnam
1247
-20
🇻🇳 Romans · Vietnam
1192
-19
🇨🇳 Huns · China
1185
-18
🇨🇳 Slavs · China
1070
-14
Deathiscoming
8:21 Loom
11:09 Feudal Age
12:02 Man-at-Arms
13:59 Double-Bit Axe
14:42 Arson
20:51 Horse Collar
27:56 Castle Age
26:45 Fletching
29:03 Bow Saw
29:01 Squires
29:30 Eagle Warrior
31:10 Scale Mail Armor
32:43 Forging
33:36 Chain Mail Armor
36:25 Iron Casting
raney24fcb
4:08 Loom
11:29 Feudal Age
13:25 Wheelbarrow
16:10 Castle Age
14:42 Double-Bit Axe
14:38 Horse Collar
23:04 Bow Saw
25:12 Hand Cart
30:39 Imperial Age
28:43 Scale Barding Armor
28:32 Gold Mining
28:34 Stone Mining
28:40 Stone Mining
29:31 Forging
30:26 Chain Barding Armor
30:16 Husbandry
31:32 Fletching
32:32 Gold Shaft Mining
32:08 Padded Archer Armor
32:37 Conscription
32:08 Elite Skirmisher
32:31 Elite Mameluke
34:33 Iron Casting
34:13 Bloodlines
34:40 Plate Barding Armor
34:42 Bodkin Arrow
35:28 Capped Ram
38:08 Two-Man Saw
38:28 Blast Furnace
38:00 Bracer
38:17 Siege Ram
WHvirus
8:28 Feudal Age
9:04 Double-Bit Axe
12:57 Scale Barding Armor
15:26 Wheelbarrow
19:04 Castle Age
18:03 Horse Collar
18:53 Forging
19:48 Heavy Plow
19:17 Light Cavalry
20:09 Bloodlines
19:59 Husbandry
20:14 Gold Mining
21:25 Bow Saw
21:57 Chain Barding Armor
23:45 Stone Mining
25:11 Stone Shaft Mining
26:40 Hand Cart
29:43 Szlachta Privileges
32:03 Loom
32:48 Treadmill Crane
35:49 Imperial Age
35:42 Iron Casting
36:02 Cavalier
38:18 Blast Furnace
38:18 Winged Hussar
39:37 Conscription
40:21 Lechitic Legacy
tonytctang
2:02 Loom
5:25 Loom
12:13 Feudal Age
13:25 Horse Collar
13:32 Double-Bit Axe
14:28 Bloodlines
17:23 Scale Barding Armor
20:10 Wheelbarrow
19:20 Town Watch
23:33 Castle Age
22:45 Gold Mining
22:48 Stone Mining
24:51 Bow Saw
24:43 Heavy Plow
27:47 Husbandry
29:34 Gold Shaft Mining
30:01 Chain Barding Armor
30:18 Hand Cart
29:45 Light Cavalry
34:08 Corvinian Army
38:28 Imperial Age
36:18 Fletching
36:29 Padded Archer Armor
37:39 Bodkin Arrow
38:00 Leather Archer Armor
38:00 Thumb Ring
38:32 Heavy Cavalry Archer
39:38 Parthian Tactics
39:27 Town Patrol
39:33 Bracer
40:04 Ring Archer Armor
40:17 Conscription
41:17 Two-Man Saw
40:50 Crop Rotation
41:23 Chemistry
南暮
2:49 Loom
12:29 Feudal Age
19:37 Double-Bit Axe
19:36 Horse Collar
21:23 Stone Mining
23:57 Castle Age
22:53 Man-at-Arms
25:38 Pikeman
26:26 Squires
27:33 Husbandry
27:44 Bloodlines
28:13 Gold Mining
32:18 Bow Saw
32:10 Heavy Plow
32:20 Fletching
32:03 Elite Skirmisher
34:22 Gold Shaft Mining
35:55 Wheelbarrow
35:36 Detinets
35:27 Town Watch
37:52 Bodkin Arrow
38:08 Forging
hungnguyensi689
1:29 Loom
10:26 Feudal Age
14:22 Castle Age
16:03 Double-Bit Axe
15:59 Horse Collar
27:26 Wheelbarrow
29:39 Imperial Age
27:20 Double-Bit Axe
27:22 Horse Collar
28:02 Scale Barding Armor
28:11 Forging
28:24 Bow Saw
28:54 Bloodlines
28:44 Husbandry
28:53 Light Cavalry
30:10 Iron Casting
30:21 Hand Cart
29:54 Town Watch
30:01 Cavalier
31:47 Chain Barding Armor
33:15 Blast Furnace
32:52 Savar
34:52 Plate Barding Armor
35:35 Two-Man Saw
34:36 Heavy Plow
34:23 Hussar
37:37 Town Patrol
435589836
1:57 Loom
10:51 Feudal Age
14:34 Castle Age
13:14 Double-Bit Axe
16:08 Wheelbarrow
28:35 Bow Saw
32:34 Gold Mining
35:23 Imperial Age
32:46 Gold Mining
33:37 Hand Cart
33:27 Pikeman
35:17 Marauders
36:03 Cavalier
36:53 Bloodlines
36:44 Husbandry
36:56 Scale Barding Armor
37:02 Forging
37:14 Stone Mining
38:02 Gold Shaft Mining
38:04 Paladin
datdzvcl
5:28 Loom
6:23 Loom
7:03 Loom
11:09 Feudal Age
11:14 Man-at-Arms
11:54 Loom
11:57 Double-Bit Axe
13:10 Scale Mail Armor
19:59 Wheelbarrow
22:08 Castle Age
23:12 Long Swordsman
25:11 Chain Mail Armor
27:18 Squires
27:43 Forging
30:37 Bow Saw
30:50 Bow Saw
32:04 Gold Mining
34:59 Imperial Age
32:34 Horse Collar
33:51 Heavy Plow
35:52 Iron Casting
36:09 Legionary
38:57 Blast Furnace
Connection lost

Rejoining the realm…

Still unreachable

The connection could not be restored.

Session expired

The server has moved on; the page needs a fresh start.